 Dungeon Crawl Stone Soup version 0.32-a0-411-g744942f433 (webtiles) character file.

Game seed: 13091832447086814457

20343 zenocrate the Covert (level 13, -4/73 (84) HPs)
             Began as a Kobold Delver on Feb 20, 2024.
             Was an Initiate of Gozag.
             Slain by a spectral elephant (11 damage)
             ... called from beyond by a ghost crab
             ... on level 2 of the Lair of Beasts.
             The game lasted 00:14:50 (12466 turns).

zenocrate the Covert (Kobold Delver)               Turns: 12466, Time: 00:14:51

HP:   -4/73 (84)    AC:  9    Str: 20    XL:     13   Next: 11%
MP:   10/13         EV: 22    Int: 11    God:    Gozag
Gold: 294           SH:  6    Dex: 21    Spells: 3/12 levels left

rFire   . . .        a - +0 rapier
rCold   . . .        k - +1 buckler of Dehuv {Str+4}
rNeg    . . .        p - +1 leather armour {rPois}
rPois   +            e - +0 helmet
rElec   .            J - +0 cloak
rCorr   .            r - +2 pair of gloves {hurl}
SInv    .            (no boots)
Will    .....        (no amulet)
Stlth   +++++++      j - +4 ring of slaying
HPRegen 0.32/turn    N - +6 ring of strength
MPRegen 0.13/turn

%: no passive effects
@: mighty, on blink cooldown, heavily drained
A: small, no large weapons, nightstalker 3
a: Renounce Religion, Potion Petition, Call Merchant, Bribe Branch


You were on level 2 of the Lair of Beasts.
You worshipped Gozag.
Gozag was aware of your devotion.
You visited 3 branches of the dungeon, and saw 12 of its levels.

You collected 2247 gold pieces.
You spent 602 gold pieces at shops.
You paid 1351 gold pieces to Gozag.

Inventory:

Hand Weapons
 a - a +0 rapier (weapon)
 b - a +1 dagger of draining
Missiles
 w - 19 poisoned darts (quivered)
 B - 4 curare-tipped darts
 E - 10 boomerangs
Armour
 e - a +0 helmet (worn)
 k - the +1 buckler of Dehuv (worn) {Str+4}
   (You bought it in a shop on level 1 of the Lair of Beasts)

   Str+4:     It affects your strength (+4).
 p - a +1 leather armour of poison resistance (worn)
 r - a +2 pair of gloves of hurling (worn)
 J - a +0 cloak (worn)
Jewellery
 j - a +4 ring of slaying (left hand)
 L - a ring of fire
 N - a +6 ring of strength (right hand)
Wands
 g - a wand of digging (3)
 I - a wand of flame (5)
 K - a wand of iceblast (14)
Scrolls
 c - a scroll of fog
 d - 3 scrolls of revelation
 h - a scroll of silence {unknown}
 m - 2 scrolls of noise {unknown}
 n - 6 scrolls of teleportation
 o - 2 scrolls of amnesia
 q - a scroll of enchant armour {unknown}
 t - a scroll of immolation {unknown}
 y - 3 scrolls of poison
 C - a scroll of brand weapon {unknown}
 H - 2 scrolls of blinking {unknown}
Potions
 i - a potion of enlightenment
 s - a potion of ambrosia
 u - a potion of mutation
 v - 4 potions of brilliance
 x - 2 potions of invisibility {unknown}
 z - 2 potions of resistance {unknown}
 A - a potion of heal wounds
 D - a potion of curing {unknown}
 G - 2 potions of cancellation
Miscellaneous
 l - a lightning rod (inert)


   Skills:
 * Level 11.0 Fighting
 + Level 11.3 Short Blades
 + Level 10.3 Dodging
 + Level 13.2 Stealth
 + Level 1.8 Shields
 + Level 7.5 Hexes
 - Level 6.0 Translocations
 - Level 7.6 Evocations


You had 3 spell levels left.
You knew the following spells:

 Your Spells              Type           Power      Damage    Failure   Level
a - Confusing Touch       Hex            16%        N/A       8%          3
b - Passage of Golubria   Tloc           13%        N/A       41%         4
x - Blink                 Tloc           26%        N/A       7%          2

Your spell library contained the following spells:

 Spells                   Type           Power      Damage    Failure   Level
 Lesser Beckoning         Tloc           26%        N/A       7%          2
 Gell's Gravitas          Tloc           13%        N/A       14%         3
 Teleport Other           Tloc           13%        N/A       14%         3
 Momentum Strike          Conj/Tloc      12%        3d8       24%         2
 Kiss of Death            Conj/Necr      0%         2d5       47%         1
 Cigotuvi's Dreadful Rot  Necr/Alch/Air  0%         N/A       63%         2
 Silence                  Hex/Air        4%         N/A       97%         5
 Dispel Undead            Necr           0%         3d6       99%         4
 Martyr's Knell           Necr/Summ      0%         N/A       99%         4
 Death Channel            Necr           0%         N/A       100%        6
 Lehudib's Crystal Spear  Conj/Erth      0%         10d2      100%        8


Dungeon Overview and Level Annotations

Branches:
Dungeon (9/15)             Temple (1/1) D:4            Lair (2/5) D:9
 Spider (0/4) Lair:2
  Swamp: Lair:2-3    Shoals: Lair:2-3       Orc: D:9-12

Altars:
Ashenzari
Cheibriados
Dithmenos
Elyvilon
Fedhas
Gozag
Kikubaaqudgha
Makhleb
Nemelex Xobeh
Okawaru
Qazlal
Ru
Sif Muna
Trog
Uskayaw
Vehumet
Wu Jian
Xom
Yredelemnul
Zin
The Shining One

Shops:
D:4 (:   D:8 (   Lair:1 [


Innate Abilities, Weirdness & Mutations

You are small and have problems with some larger weapons.
You are completely attuned to the shadows.


Message History

The ghost crab misses you. The ghost crab barely misses you.
You impale the ghost crab!!
The ghost crab is heavily damaged.
The ghost crab breathes spectral mist at you.
The spectral mist engulfs you.
Unknown command.
You hit the ghost crab.
The ghost crab is severely damaged.
You are engulfed in spectral mist.
You hit the ghost crab but do no damage.
The ghost crab is severely damaged.
You are engulfed in spectral mist.
The ghost crab breathes spectral mist at you.
The spectral mist engulfs you.
Unknown command.
You hit the ghost crab but do no damage.
The ghost crab is severely damaged.
You are engulfed in spectral mist.
The ghost crab barely misses you. The ghost crab closely misses you.
You hit the ghost crab.
The ghost crab is severely damaged.
You are engulfed in spectral mist.
The spectral elephant tramples you.
You stumble backwards!
You puncture the spectral black mamba!
The spectral black mamba is moderately damaged.
You are engulfed in spectral mist.
The ghost crab bites you!
You feel drained. You block the ghost crab's attack.
The spectral black mamba bites you but does no damage.
The spectral komodo dragon bites you!
* * * LOW HITPOINT WARNING * * *
You feel drained.
* * * LOW HITPOINT WARNING * * *
The spectral elephant misses you.
The spectral elephant completely misses you.
Unknown command.
Casting: Blink (safe; 7% risk of failure)
Confirm with . or Enter, or press ? or * to list all spells.
You blink.
The spectral elephant tramples you!
You die...
Your body crumbles into a pile of gold.

#...............####..
##...##...###..####..>
#..###..#.#...###.#..
##.## #..####..##^###^
#..# #..# #Z..###.#^#
#..# ##..###...##.###.
#..###....##...###|#.#
##........#.#..##.#.#^
#.☼.@○........#.#.#..
##.§Z☼Z........####...
#.○§°Z○.........####..
##§○○t○...............
#P..°Z§...............
#.....................
##....................
###.....######.........
#.#...♣## ♣♣####.#...#


You could see a ghost crab, a spectral komodo dragon (summoned), a spectral
black mamba (summoned) and 2 spectral elephants.

Vanquished Creatures
  A hydra (Lair:2)
  A boulder beetle (Lair:2)
  Erica (Lair:2)
  2 two-headed ogres
  Amaemon (Lair:2)
  2 skeletal warriors (D:7)
  Pikel (Temple)
  A spectral hydra (Lair:2)
  An orange demon (Lair:2)
  3 cane toads
  Joseph (D:7)
  2 rime drakes
  5 komodo dragons
  An efreet (D:9)
  A troll (D:9)
  A spectral elephant (Lair:2)
  4 blink frogs (Lair:2)
  2 jumping spiders (Lair:2)
  22 yaks
  A culicivora (Lair:2)
  A wyvern (D:8)
  A vampire (D:9)
  5 humans (D:9)
  A steam dragon (D:8)
  A basilisk (Lair:2)
  2 spectral cane toads (Lair:2)
  Edmund (D:6)
  7 water moccasins
  2 orc warriors
  2 sky beasts
  6 black bears
  2 ice beasts
  An ogre (D:5)
  A centaur (D:8)
  5 wolves
  4 phantoms
  A kobold brigand (D:8)
  3 lemures (Temple)
  2 scorpions
  9 bullfrogs
  A gnoll sergeant (D:9)
  7 wights
  5 howler monkeys
  A bombardier beetle (D:5)
  A gnoll bouda (D:5)
  4 hounds
  4 jellies
  5 iguanas
  A sleepcap (D:5)
  4 orc wizards
  11 gnolls
  6 adders
  2 shadow imps (D:7)
  2 white imps
  An ufetubus (D:7)
  3 dart slugs
  2 ribbon worms
  29 orcs
  8 bats
  7 endoplasms
  3 giant cockroaches
  6 goblins
  4 hobgoblins
  13 jackals
  12 kobolds
  4 quokkas
  7 ball pythons
  6 frilled lizards
  7 rats
277 creatures vanquished.

Notes
Turn   | Place    | Note
-------+----------+-------------------------------------------
     0 | D:5      | zenocrate the Kobold Delver began the quest for the Orb.
     0 | D:5      | Reached XP level 1. HP: 14/14 MP: 1/1
    19 | D:4      | Found Loilinal's Weapon Shop.
   120 | D:3      | Noticed an ice beast
   127 | D:3      | Killed an ice beast
   128 | D:3      | Reached skill level 7 in Stealth
   128 | D:3      | Reached XP level 2. HP: 12/20 MP: 2/2
   128 | D:3      | Reached XP level 3. HP: 15/24 MP: 3/3
   128 | D:3      | Reached XP level 4. HP: 18/29 MP: 4/4
   197 | D:3      | Reached XP level 5. HP: 33/33 MP: 5/5
   456 | D:1      | Found a faded altar of an unknown god.
   557 | D:1      | Reached skill level 1 in Evocations
  1308 | D:2      | Reached XP level 6. HP: 39/39 MP: 6/6
  2297 | D:4      | Found Poac's Book Boutique.
  2357 | D:4      | Learned a level 2 spell: Blink
  2377 | D:4      | Reached skill level 8 in Stealth
  2377 | D:4      | Reached XP level 7. HP: 43/44 MP: 7/7
  2405 | D:4      | Learned a level 3 spell: Confusing Touch
  2500 | D:4      | Found a staircase to the Ecumenical Temple.
  2503 | D:4      | Noticed Pikel
  2508 | Temple   | Entered the Ecumenical Temple
  2683 | Temple   | Became a worshipper of Gozag Ym Sagoz the Greedy
  2800 | Temple   | Killed Pikel
  2801 | Temple   | Reached skill level 5 in Fighting
  2801 | Temple   | Reached skill level 5 in Short Blades
  2801 | Temple   | Reached skill level 5 in Dodging
  2801 | Temple   | Reached skill level 1 in Hexes
  2801 | Temple   | Reached skill level 1 in Translocations
  2801 | Temple   | Reached XP level 8. HP: 30/49 MP: 8/8
  3129 | D:4      | Found a shimmering blue altar of Sif Muna.
  3237 | D:4      | Found a hide-covered altar of Uskayaw.
  3427 | D:5      | Noticed a two-headed ogre
  3435 | D:5      | Killed a two-headed ogre
  3436 | D:5      | Reached skill level 9 in Stealth
  3436 | D:5      | Reached XP level 9. HP: 52/55 MP: 9/9
  4005 | D:5      | Found a glowing silver altar of Zin.
  4731 | D:6      | Reached skill level 5 in Evocations
  4924 | D:6      | Noticed Edmund
  4928 | D:6      | Killed Edmund
  5318 | D:6      | Reached XP level 10. HP: 61/61 MP: 10/10
  5491 | D:7      | Reached skill level 10 in Stealth
  5505 | D:7      | Noticed Joseph
  5508 | D:7      | Killed Joseph
  5672 | D:7      | Noticed a skeletal warrior
  5718 | D:7      | Noticed a skeletal warrior
  5720 | D:7      | Killed a skeletal warrior
  5729 | D:7      | Killed a skeletal warrior
  6141 | D:7      | Reached skill level 5 in Translocations
  6823 | D:8      | Reached skill level 5 in Hexes
  6829 | D:8      | Noticed a two-headed ogre
  6851 | D:8      | Killed a two-headed ogre
  6852 | D:8      | Reached skill level 11 in Stealth
  6852 | D:8      | Reached XP level 11. HP: 39/68 MP: 5/11
  7175 | D:8      | Found Molerr Usarph's Weapon Shop.
  8091 | D:9      | Found a staircase to the Lair.
  8697 | D:9      | Identified the +2 scale mail of Awe {-Cast -Tele Dex+5
                  | SInv}
  8741 | Lair:1   | Entered Level 1 of the Lair of Beasts
  8912 | Lair:1   | Bought a +2 pair of gloves of hurling for 279 gold pieces
  8973 | Lair:1   | Reached skill level 12 in Stealth
  8986 | Lair:1   | Reached skill level 10 in Short Blades
  8986 | Lair:1   | Reached XP level 12. HP: 23/76 MP: 3/12
  9805 | Lair:1   | You fall into a shaft and drop 1 floor!
  9851 | Lair:2   | Noticed Amaemon
  9866 | Lair:2   | Killed Amaemon
 10009 | Lair:2   | Found a hole to the Spider Nest.
 10111 | Lair:2   | Reached skill level 10 in Fighting
 10926 | Lair:1   | Learned a level 4 spell: Passage of Golubria
 10943 | Lair:1   | Bought the +1 buckler of Dehuv {Str+4} for 323 gold pieces
 11015 | Lair:2   | Noticed a seven-headed hydra
 11030 | Lair:2   | Killed a seven-headed hydra
 11255 | Lair:2   | Noticed Erica
 11265 | Lair:2   | Killed Erica
 11266 | Lair:2   | Reached skill level 10 in Dodging
 11266 | Lair:2   | Reached skill level 1 in Shields
 11311 | Lair:2   | Reached skill level 13 in Stealth
 11811 | Lair:2   | Noticed a boulder beetle
 11830 | Lair:2   | Killed a boulder beetle
 11831 | Lair:2   | Reached XP level 13. HP: 84/84 MP: 10/13
 11965 | Lair:2   | HP: 3/74 [spectral five-headed hydra (1)]
 12435 | Lair:2   | Noticed a ghost crab
 12466 | Lair:2   | Slain by a spectral elephant

Illustrated notes

Levels and vault maps discovered:
D:1:      dpeg_arrival_brainrot, layout_basic,
          shapermc_ecumenical_altar_totnotflames
D:2:      layout_rooms, hangedman_abyss_or_decor_lesser_grid
D:3:      layout_rooms, chequers_avenue
D:4:      layout_basic, lemuel_blue_sif_altar,
          mainiacjoe_overflow_concentric_impassable, minmay_temple_entry_ruins,
          serial_shops, nicolae_shop_competitors_out_of_business,
          nicolae_shop_behind_doors, minmay_quantized, uniq_pikel
D:5:      layout_basic, kennysheep_mini
D:6:      layout_gridville, uniq_edmund
D:7:      nzn_winding_woodlands_small [nzn_winding_woodlands_5x15_jagged,
          nzn_winding_woodlands_center_diamonds,
          nzn_winding_woodlands_5x15_parted], layout_basic,
          minmay_splitting_lines, minmay_misc_feat_rugged, uniq_joseph
D:8:      layout_cave_pools, serial_shops, nicolae_shop_bloodbath_and_beyond,
          hangedman_decor_peaks_small
D:9:      layout_roguey, grunt_lair_entry_orc_guard_hut, supply_closet_lemuel,
          minmay_ruffians
Temple:   compressed_dpeg_circular_temple
Lair:1:   layout_cave_pods, serial_rivers, chequers_serial_rivers_room_b,
          chequers_serial_rivers_micro_c, chequers_serial_rivers_micro_a,
          chequers_serial_rivers_micro_d, chequers_serial_rivers_micro_e,
          chequers_serial_rivers_room_a, beast_lair_carwin_9
Lair:2:   layout_small_grid, nicolae_swamp_entry_spooky,
          nicolae_spider_entry_tight_spaces, nicolae_quartered_pool_medium,
          serial_bayou_shore_a, uniq_amaemon, uniq_erica

Skill      XL: |  1  2  3  4  5  6  7  8  9 10 11 12 13 |
---------------+----------------------------------------+-----
Fighting       | 4 5 6 7 9 10 11 | 11.0
Short Blades   | 3 4 5 6 7 8 10 11 | 11.3
Dodging        | 3 4 5 6 7 9 10 | 10.3
Stealth        | 7 8 9 11 12 13 | 13.2
Evocations     | 1 2 3 4 5 6 7 |  7.6
Hexes          | 1 2 3 5 6 7 |  7.5
Translocations | 1 3 4 5 6 |  6.0
Shields        | 1 |  1.8

Action                     |  1- 3 |  4- 6 |  7- 9 | 10-12 | 13-15 || total
---------------------------+-------+-------+-------+-------+-------++-------
  Melee: Short sword       |    12 |   178 |   236 |   178 |       ||   604
         Dagger            |       |       |       |   437 |    31 ||   468
         Rapier            |       |       |       |       |    53 ||    53
   Cast: Confusing Touch   |       |       |       |    32 |     2 ||    34
         Blink             |       |       |       |     4 |     3 ||     7
 Invoke: Potion Petition   |       |       |       |     2 |       ||     2
         Call Merchant     |       |       |       |     1 |       ||     1
  Evoke: Lightning rod     |       |       |       |    17 |     2 ||    19
         Wand              |       |       |       |     3 |     6 ||     9
    Use: Scroll            |       |     4 |     1 |     6 |     1 ||    12
         Potion            |       |       |     2 |     6 |     3 ||    11
   Stab: Sleeping          |     2 |    31 |    22 |    30 |     1 ||    86
         Distracted        |       |       |     2 |     9 |       ||    11
         Invisible         |       |       |       |     7 |       ||     7
         Confused          |       |       |       |    26 |       ||    26
 Armour: Leather armour    |     4 |    33 |    60 |   198 |    46 ||   341
         Ring mail         |       |    28 |       |       |       ||    28
  Dodge: Dodged            |     6 |   105 |   123 |   383 |    68 ||   685
  Block: Buckler           |       |       |       |    17 |    27 ||    44

Table legend: (Time is in decaauts)
 A = Elapsed time spent in this place.
 B = Non-inter-level travel time spent in this place.
 C = Inter-level travel time spent in this place.
 D = Time resting spent in this place.
 E = Time spent auto-exploring this place.
 F = Levels seen in this place.
 G = Mean time per level.
                   A        B        C        D        E       F      G
               +--------+--------+--------+--------+--------+-----+--------+
         Total |  12004 |  11571 |    433 |    146 |   9404 |  12 | 1000.3 |
       Dungeon |   8115 |   7860 |    255 |    103 |   6375 |   9 |  901.7 |
        Temple |    344 |    290 |     54 |     43 |    205 |   1 |  344.0 |
          Lair |   3544 |   3420 |    124 |      0 |   2823 |   2 | 1772.0 |
               +--------+--------+--------+--------+--------+-----+--------+

Top non-repeatable levels by time:
  Lair:1: 2021 daAuts
  Lair:2: 1523 daAuts
     D:7: 1263 daAuts
     D:5: 1256 daAuts
     D:9: 1021 daAuts
     D:6: 857 daAuts
     D:4: 856 daAuts
     D:8: 823 daAuts
     D:1: 747 daAuts
     D:3: 736 daAuts
     D:2: 554 daAuts
  Temple: 344 daAuts
